Map: Ultralove

Players

ShoWTimE - Winner!

  • Race: Protoss Protoss
  • League: Master
  • Spawn Location: 1:00

Kelazhur

  • Race: Terran Terran
  • League: Master
  • Spawn Location: 7:00

Event: HomeStory Cup XXVI

VOD

Have the link to the VOD?

Description

Time

  • Played on: Nov. 29, 2024, 12:44 p.m.
  • Length: 8:03

All games in this series

Show
View Real Time Build Order
Export as new Build Order

ShoWTimE Protoss - Winner!

Build Orders: 1 Gate Expand, Blink Stalkers 

Get SALT Encoding   

  12  0:00  Probe  
  13  0:12  Probe  
  14  0:17  Pylon  
  14  0:24  Probe  
  15  0:32  Probe  
  15  0:35  Gateway  
  15  0:40  Probe  
  16  0:46  Assimilator  
  17  0:50  Probe  
  18  1:02  Probe  
  19  1:15  Probe  
  20  1:22  Cybernetics Core  
  20  1:33  Nexus  
  20  1:42  Pylon  
  20  1:44  Probe  
  21  1:49  Assimilator  
  21  1:50  Adept  
  21  1:51  Warp Gate  
  21  1:56  Probe  
  24  2:08  Probe  
  25  2:12  Adept  
  25  2:20  Probe  
  28  2:27  Pylon  
  28  2:32  Probe  
  29  2:37  Stalker  
  31  2:47  Gateway  
  31  2:58  Gateway  
  31  3:03  Probe x2  
  33  3:15  Probe x2  
  33  3:26  Twilight Council  
  33  3:27  Probe x2  
  35  3:39  Probe x2  
  37  3:41  Stalker  
  37  3:42  Stalker  
  37  3:45  Blink  
  41  3:51  Probe  
  41  3:52  Probe  
  41  3:53  Stalker  
  45  4:03  Probe  
  45  4:04  Probe  
  45  4:05  Stalker  
  45  4:07  Stalker  
  49  4:15  Probe  
  48  4:17  Probe  
  47  4:28  Stalker x2  
  47  4:29  Probe  
  47  4:30  Probe  
  53  4:36  Robotics Facility  
  53  4:42  Assimilator  
  53  4:45  Probe  
  54  4:46  Shield Battery  
  54  4:50  Pylon  
  54  4:57  Pylon  
  54  5:00  Nexus  
  54  5:08  Probe x2  
  54  5:11  Pylon  
  56  5:18  Stalker x3  
  56  5:20  Probe x2  
  64  5:22  Observer  
  65  5:32  Probe x2  
  65  5:34  Pylon  
  67  5:35  Assimilator  
  67  5:37  Robotics Bay  
  67  5:41  Observer  
  68  5:44  Probe x2  
  70  5:50  Charge  
  70  5:56  Probe  
  70  5:57  Probe  
  70  6:06  Immortal  
  70  6:07  Stalker x3  
  70  6:08  Probe  
  70  6:09  Probe  
  82  6:20  Pylon  
  82  6:30  Stalker x3  
  88  6:33  Probe x3  
  89  6:44  Probe  
  89  6:45  Colossus  
  84  6:47  Probe  
  84  6:48  Probe  
  84  6:53  Probe  
  92  6:55  Probe  
  91  7:01  Probe  
  91  7:02  Probe  
  91  7:03  Probe  
  94  7:12  Stalker x3, Probe  
  94  7:14  Probe x2  
  101  7:17  Pylon  
  101  7:24  Probe  
  101  7:26  Probe x2  
  104  7:35  Stalker x2  
  104  7:36  Stalker, Probe  
  110  7:38  Probe  
  110  7:39  Pylon  
Show
View Real Time Build Order
Export as new Build Order

Kelazhur Terran 

Build Orders:  

Get SALT Encoding   

  12  0:00  SCV  
  13  0:12  SCV  
  14  0:16  Supply Depot  
  14  0:24  SCV  
  14  0:27  Refinery  
  15  0:38  SCV  
  16  0:45  Barracks  
  16  0:50  SCV  
  17  1:01  Engineering Bay  
  17  1:04  SCV  
  18  1:17  SCV  
  20  1:33  Reaper  
  20  1:34  Orbital Command  
  20  1:48  Command Center  
  20  1:59  Factory  
  20  2:04  SCV  
  20  2:08  Barracks Reactor  
  21  2:15  Supply Depot  
  21  2:16  SCV  
  21  2:20  Refinery  
  22  2:28  SCV  
  23  2:40  SCV  
  24  2:45  Marine x2  
  24  2:46  Factory Tech Lab  
  26  2:53  SCV  
  26  2:54  Starport  
  26  2:57  Supply Depot  
  26  3:03  Marine x2  
  28  3:05  SCV  
  28  3:15  Cyclone  
  28  3:18  SCV  
  32  3:21  Orbital Command  
  32  3:27  Marine x2  
  32  3:32  Medivac  
  36  3:34  SCV  
  37  3:45  Marine x2  
  37  3:46  SCV  
  40  3:49  SCV  
  40  3:54  Siege Tank  
  41  4:03  Marine x2  
  41  4:05  SCV  
  42  4:12  Starport Tech Lab  
  42  4:21  Marine x2  
  40  4:26  Siege Tank  
  40  4:27  SCV x2  
  45  4:38  Marine  
  45  4:39  SCV  
  45  4:42  Marine  
  45  4:43  Banshee  
  45  4:45  Supply Depot, SCV  
  51  4:51  SCV  
  53  4:56  Marine  
  54  5:00  Supply Depot  
  54  5:06  Marine  
  54  5:07  SCV x2  
  57  5:16  Siege Tank  
  57  5:17  Marine  
  57  5:19  SCV  
  62  5:21  SCV  
  62  5:23  Supply Depot  
  62  5:27  Marine  
  64  5:32  SCV  
  64  5:33  SCV, Barracks  
  64  5:34  Barracks  
  64  5:35  Engineering Bay  
  66  5:37  Supply Depot  
  66  5:38  Banshee  
  66  5:40  Marine  
  70  5:44  SCV  
  70  5:48  Supply Depot, SCV  
  72  5:56  SCV  
  73  6:02  Siege Tank  
  76  6:10  Marine x2  
  77  6:12  Supply Depot, SCV, Refinery  
  77  6:13  Refinery  
  77  6:16  SCV  
  77  6:24  SCV  
  77  6:28  SCV  
  77  6:32  Command Center  
  74  6:37  SCV  
  72  6:41  SCV, Marine x2  
  72  6:42  Marauder  
  72  6:49  SCV  
  72  6:52  Barracks  
  72  6:53  SCV, Barracks  
  74  7:01  Starport Reactor  
  68  7:02  SCV  
  68  7:04  Marauder  
  68  7:05  SCV  
  68  7:09  Marauder  
  68  7:10  Factory Reactor  
  68  7:13  Marine x2  
  70  7:18  SCV  
  70  7:21  SCV  
  72  7:23  Barracks  
  64  7:30  Marine x2  
  64  7:31  SCV, Marauder  
  64  7:33  SCV, Marine  
  63  7:40  Marine x2  
  63  7:43  SCV  
  56  7:45  SCV  
Tags
 
Add a new tag
Caveats
  • Supply blocks, unpowered buildings, or Contaminate may cause inaccurate times.
  • Supply counts are checked every 10 seconds.